 Dungeon Crawl Stone Soup version 0.21-a0-525-ga34b322 (webtiles) character file.

3995 slep the Cleaver (level 10, -8/56 HPs)
             Began as a Vine Stalker Gladiator on Dec 8, 2017.
             Was an Elder of Okawaru.
             Splashed by Maurice's acid (16 damage)
             ... on level 8 of the Dungeon.
             The game lasted 00:27:50 (5632 turns).

slep the Cleaver (Vine Stalker Gladiator)           Turns: 5632, Time: 00:27:51

Health: -8/56      AC:  1    Str: 18 (19) XL:     10   Next: 23%
Magic:  0/11       EV: 16    Int:  7 (8)  God:    Okawaru [****..]
Gold:   408        SH:  4    Dex: 15      Spells: 9/9 levels left

rFire    . . .     SeeInvis .   a - +1 war axe
rCold    + . .     Gourm    +   D - +0 buckler
rNeg     . . .     Faith    .   d - +2 robe {MR+}
rPois    .         Spirit   +   x - +2 helmet of Ashenzari's Pride {rElec Slay+2}
rElec    +         Reflect  .   t - +0 cloak (curse)
rCorr    .         Harm     .   M - +0 pair of gloves (curse)
MR       ++...     Clarity  +   (no boots)
Stlth    +++.......             l - amulet of the gourmand (curse)
HPRegen  0.58/turn              m - +3 ring of evasion
MPRegen  0.12/turn              (no ring)

@: corroded, heavily drained
A: fangs 3, blurry vision 1, clarity, cold resistance 1, deterioration 2, sense
surroundings 2, regeneration 1, robust 1, weak 1, magic shield, antimagic bite,
no potion heal 3, rot immunity
a: Heroism, Renounce Religion


You were on level 8 of the Dungeon.
You worshipped Okawaru.
Okawaru was greatly pleased with you.
You were full.

You visited 1 branch of the dungeon, and saw 8 of its levels.
You also visited: Sewer.

You collected 408 gold pieces.

Inventory:

Hand Weapons
 a - a +1 war axe (weapon)
Missiles
 F - 3 steel javelins (quivered)
Armour
 d - a +2 robe of magic resistance (worn)
 t - a cursed +0 cloak (worn)
 x - the +2 helmet of Ashenzari's Pride (worn) {rElec Slay+2}
   (You took it off Robin on level 2 of the Dungeon)

   It affects your accuracy and damage with ranged weapons and melee attacks
   (+2).
   It insulates you from electricity.
 D - a +0 buckler (worn)
 M - a cursed +0 pair of gloves (worn)
Jewellery
 l - a cursed amulet of the gourmand (around neck)
 m - a +3 ring of evasion (left hand)
 p - an uncursed ring of ice
Wands
 K - a wand of polymorph (17)
Scrolls
 e - 2 scrolls of random uselessness
 g - 2 scrolls of enchant weapon
 k - 5 scrolls of identify
 n - 3 scrolls of fog
 r - 2 scrolls of teleportation
 s - 3 scrolls of enchant armour {unknown}
 u - 2 scrolls of magic mapping {unknown}
 v - 3 scrolls of fear {unknown}
 A - 2 scrolls of blinking {unknown}
 B - 2 scrolls of amnesia {unknown}
 E - 3 scrolls of remove curse {unknown}
Potions
 h - a potion of curing
 w - a potion of magic
 z - a potion of haste
 H - a potion of lignification
 I - 2 potions of mutation {unknown}
 J - 2 potions of invisibility {unknown}
 L - a potion of brilliance
Books
 y - a book of Changes

   Spells                             Type                      Level
   a - Beastly Appendage              Transmutation                1
   b - Sticks to Snakes               Transmutation                2
   c - Spider Form                    Transmutation/Poison         3
   d - Ice Form                       Ice/Transmutation            4
   e - Blade Hands                    Transmutation                5
 N - a book of Flames

   Spells                             Type                      Level
   a - Flame Tongue                   Conjuration/Fire             1
   b - Throw Flame                    Conjuration/Fire             2
   c - Conjure Flame                  Conjuration/Fire             3
   d - Inner Flame                    Hexes/Fire                   3
   e - Sticky Flame                   Conjuration/Fire             4
   f - Fireball                       Conjuration/Fire             5
Comestibles
 f - 2 bread rations
 o - 6 fruits
 q - 3 meat rations
 C - 5 royal jellies


   Skills:
 + Level 5.5(4.2) Fighting
 + Level 10.0(8.6) Axes
 + Level 2.2(1.1) Throwing
 + Level 2.7(1.6) Armour
 + Level 4.7(3.5) Dodging
 + Level 5.4(4.2) Stealth
 + Level 2.3(1.2) Shields


You had 9 spell levels left.
You didn't know any spells.

Dungeon Overview and Level Annotations

Branches:
Dungeon (8/15)             Temple (0/1) D:6
   Lair: D:8-11

Altars:
Dithmenos
Gozag
Hepliaklqana
Okawaru
Vehumet
Xom
Yredelemnul
The Shining One

Shops:
D:7 %

Annotations:
D:8 Maurice


Innate Abilities, Weirdness & Mutations

You have razor-sharp teeth.
Your natural rate of healing is unusually fast.
When hurt, damage is shared between your health and your magic reserves.
Your bite disrupts and absorbs the magic of your enemies.
Potions cannot restore your health.
You are immune to rotting.
Scrolls take you a little longer to read.
You possess an exceptional clarity of mind.
Your flesh is cold resistant. (rC+)
Your body often deteriorates upon taking damage.
You passively map the area around you.
You are robust. (+10% HP)
You are weak. (Str -2)


Message History

You hit the phantom.
The phantom is heavily damaged.
The phantom hits you!
* * * LOW HITPOINT WARNING * * *
Your body deteriorates!
You feel weakened. You block the wight's attack. Something barely misses you.
Unknown command.
The phantom blinks!
You block something's attack. The wight hits you with a trident.
* * * LOW HITPOINT WARNING * * *
You feel drained.
You slash the wight! Your bite misses the wight.
The wight is heavily damaged.
You miss something.
You hear a zap.
A bolt of acid appears from out of thin air!
The bolt of acid hits you!
* * * LOW HITPOINT WARNING * * *
The acid corrodes you!
You are splashed with acid!
The acid burns!
You die...

####### ##.....##
##.......## #.........#
#.W.......# #.........#
#.........#
#..ยง.@....#
#.....z...#
#..........#
#...........#
#...........# ### * *
*#...........# #.# ,
..$.......#..######.###
*
.........!.....z.z<....
,, ,
...#######.......##[#..


You could see a phantom and a wight.

Vanquished Creatures
  Pikel (D:6)
  Psyche (D:8)
  Sigmund (D:5)
  Duvessa (D:5)
  Purgy (Sewer)
  2 orc warriors (D:8)
  2 sky beasts
  2 ice beasts
  A phantom (D:5)
  3 slaves (D:6)
  4 ogres
  A centaur (D:7)
  4 bullfrogs
  Dowan (D:5)
  3 scorpions
  3 wights
  4 howler monkeys
  3 crimson imps
  4 hounds
  2 jellies
  A bullfrog skeleton (D:4)
  2 orc priests
  A centaur skeleton (D:4)
  3 iguanas
  7 orc wizards
  Terence (D:2)
  6 worker ants
  A killer bee zombie (D:6)
  2 hound skeletons
  A worker ant zombie (D:7)
  Robin (D:2)
  4 adders
  A river rat (D:5)
  An adder zombie (D:7)
  3 worms
  3 dart slugs
  4 leopard geckos
  22 orcs
  6 giant cockroaches
  19 goblins
  6 hobgoblins
  15 jackals
  7 quokkas
  A ball python (D:2)
  12 bats
  6 frilled lizards
  A jackal skeleton (D:7)
  4 kobolds
  12 rats
197 creatures vanquished.

Notes
Turn   | Place    | Note
-------+----------+-------------------------------------------
     0 | D:1      | slep the Vine Stalker Gladiator began the quest for the Orb.
     0 | D:1      | Reached XP level 1. HP: 11/11 MP: 2/2
   125 | D:1      | Reached XP level 2. HP: 13/15 MP: 3/3
   246 | D:1      | Reached skill level 3 in Axes
   556 | D:1      | Reached XP level 3. HP: 18/18 MP: 4/4
   889 | D:2      | Found a shadowy altar of Dithmenos.
  1023 | D:2      | Noticed Terence
  1043 | D:2      | Killed Terence
  1132 | D:2      | Gained mutation: Your natural rate of healing is unusually fast. [Vine Stalker growth]
  1132 | D:2      | Reached XP level 4. HP: 11/23 MP: 2/5
  1167 | D:2      | Noticed an ice beast
  1182 | D:2      | Killed an ice beast
  1182 | D:2      | Reached skill level 4 in Axes
  1182 | D:2      | Reached skill level 1 in Armour
  1182 | D:2      | Reached XP level 5. HP: 19/26 MP: 4/6
  1202 | D:2      | Found a glowing golden altar of the Shining One.
  1303 | D:2      | Noticed Robin
  1316 | D:2      | Killed Robin
  1322 | D:2      | Got a jewelled helmet
  1333 | D:2      | Identified the +2 helmet of Ashenzari's Pride {rElec Slay+2} (You took it off Robin on level 2 of the Dungeon)
  1510 | D:2      | Found a basalt altar of Yredelemnul.
  1724 | D:3      | Found an iron altar of Okawaru.
  1732 | D:3      | Became a worshipper of Warmaster Okawaru
  1906 | D:3      | Reached XP level 6. HP: 30/30 MP: 7/7
  2305 | D:4      | Found a radiant altar of Vehumet.
  2398 | D:4      | Reached skill level 5 in Axes
  2404 | D:4      | Reached XP level 7. HP: 22/35 MP: 4/8
  2442 | D:4      | Reached * piety under Okawaru
  2546 | D:4      | Reached skill level 1 in Stealth
  2697 | D:4      | Found a shimmering altar of Xom.
  2699 | D:4      | Found a shimmering altar of Xom.
  2700 | D:4      | Found a shimmering altar of Xom.
  2701 | D:4      | Found a shimmering altar of Xom.
  2716 | D:4      | Reached skill level 6 in Axes
  2897 | D:5      | Entered Level 5 of the Dungeon
  2964 | D:5      | Reached ** piety under Okawaru
  2964 | D:5      | Gained mutation: You have razor-sharp teeth. [Vine Stalker growth]
  2964 | D:5      | Reached XP level 8. HP: 40/40 MP: 9/9
  2968 | D:5      | Gained mutation: Your body sometimes deteriorates upon taking damage. [mutagenic meat]
  2969 | D:5      | Gained mutation: You are weak. (Str -2) [mutagenic meat]
  2973 | D:5      | Gained mutation: You are robust. (+10% HP) [mutagenic meat]
  2974 | D:5      | Gained mutation: You passively map a small area around you. [mutagenic meat]
  3079 | D:5      | Noticed Duvessa
  3079 | D:5      | Noticed Dowan
  3089 | D:5      | Killed Duvessa
  3092 | D:5      | Killed Dowan
  3255 | D:5      | Reached skill level 7 in Axes
  3286 | D:5      | Found a glowing drain.
  3290 | Sewer    | Entered a sewer
  3334 | Sewer    | Noticed Purgy
  3346 | Sewer    | Killed Purgy
  3471 | D:5      | Noticed Sigmund
  3502 | D:5      | Killed Sigmund
  3607 | D:5      | Reached *** piety under Okawaru
  3935 | D:6      | Reached skill level 1 in Shields
  3946 | D:6      | Reached XP level 9. HP: 39/50 MP: 7/10
  3966 | D:6      | Reached skill level 8 in Axes
  4044 | D:6      | Noticed Pikel
  4078 | D:6      | Killed Pikel
  4078 | D:6      | Received a gift from Okawaru
  4151 | D:6      | Found an opulent altar of Gozag.
  4620 | D:6      | Found a staircase to the Ecumenical Temple.
  4895 | D:7      | Found Nez Soty's Food Shop.
  4966 | D:7      | Reached skill level 5 in Fighting
  5101 | D:7      | Reached skill level 9 in Axes
  5181 | D:7      | Found a hazy altar of Hepliaklqana.
  5414 | D:8      | Noticed Psyche
  5422 | D:8      | Killed Psyche
  5422 | D:8      | Reached **** piety under Okawaru
  5422 | D:8      | Reached skill level 5 in Stealth
  5437 | D:8      | Reached XP level 10. HP: 16/56 MP: 3/11
  5480 | D:8      | Noticed Maurice
  5506 | D:7      | Gained mutation: Scrolls take you a little longer to read. [mutagenic meat]
  5507 | D:7      | Gained mutation: Your flesh is cold resistant. (rC+) [mutagenic meat]
  5508 | D:7      | Gained mutation: You possess an exceptional clarity of mind. [mutagenic meat]
  5509 | D:7      | Gained mutation: Your body often deteriorates upon taking damage. [mutagenic meat]
  5510 | D:7      | Gained mutation: You passively map the area around you. [mutagenic meat]
  5579 | D:7      | Reached skill level 10 in Axes
  5632 | D:8      | Splashed by Maurice's acid

Vault maps used:
D:1:      dpeg_arrival_subterranean_lakeside_camping, glass_columns_a
D:2:      lemuel_doored_altar, nicolae_tso_carved_into_rock,
          grunt_dithmenos_smoke_and_mirrors, uniq_terence, uniq_robin
D:3:      first_bread, okawaru_ov_weapons_minmay
D:4:      vehumet_crystals, xom_redecorated
D:5:      gup_sewer_entry_bowl, uniq_sigmund, uniq_duvessa
D:6:      grunt_gozag_breadcrumbs, temple_statues, nrook_mini_backslash,
          minmay_misc_feat_roman, uniq_pikel
D:7:      overflow_temple_1_default, serial_shops, shop
D:8:      uniq_psyche, uniq_maurice
Sewer:    kennysheep_door_sewer

Skill      XL: |  1  2  3  4  5  6  7  8  9 10 |
---------------+-------------------------------+-----
Axes           | 3 4 5 6 7 9 10 | 10.0
Fighting       | 2 3 4 5 |  5.5
Armour         | 1 2 |  2.7
Dodging        | 3 4 |  4.7
Stealth        | 1 3 5 |  5.4
Throwing       | 2 |  2.2
Shields        | 1 2 |  2.3

Action                   |  1- 3 |  4- 6 |  7- 9 | 10-12 || total
-------------------------+-------+-------+-------+-------++-------
Melee: War axe           |    99 |   121 |   270 |    46 ||   536
       Bite              |    18 |    43 |    80 |    17 ||   158
Throw: Throwing net      |       |       |     2 |     1 ||     3
  Use: Potion            |       |       |     8 |       ||     8
       Scroll            |       |       |       |     5 ||     5
 Stab: Sleeping          |       |     1 |    14 |       ||    15
       Held in net/web   |       |       |       |     1 ||     1
  Eat: Chunk             |     9 |     3 |    16 |     6 ||    34
Armor: Leather armour    |    27 |    35 |    35 |       ||    97
       Robe              |       |       |    31 |     7 ||    38
Dodge: Dodged            |    84 |   147 |   191 |    34 ||   456
Block: Buckler           |       |     2 |    51 |     5 ||    58

Table legend:
 A = Spawn XP
 B = Non-spawn XP
 C = Spawn XP percentage of total XP
 D = Spawn monster count
 E = Non-spawn monster count
 F = Spawn count percentage of total count
 G = Total turns spent on level
                    A         B        C        D         E        F      G
               +---------+---------+-------+---------+---------+-------+---------
         Total |       0 |    5708 |   0.0 |       0 |     194 |   0.0 |  5632
               +---------+---------+-------+---------+---------+-------+---------
           D:1 |       0 |      39 |   0.0 |       0 |      26 |   0.0 |   881
           D:2 |       0 |     257 |   0.0 |       0 |      32 |   0.0 |   668
           D:3 |       0 |      26 |   0.0 |       0 |      15 |   0.0 |   602
           D:4 |       0 |     697 |   0.0 |       0 |      31 |   0.0 |   746
           D:5 |       0 |    1108 |   0.0 |       0 |      22 |   0.0 |   836
           D:6 |       0 |    1242 |   0.0 |       0 |      19 |   0.0 |   901
           D:7 |       0 |     762 |   0.0 |       0 |      25 |   0.0 |   730
           D:8 |       0 |    1430 |   0.0 |       0 |      18 |   0.0 |   105
         Sewer |       0 |     147 |   0.0 |       0 |       6 |   0.0 |   163
               +---------+---------+-------+---------+---------+-------+---------
